 Dungeon Crawl Stone Soup version 0.31-a0-230-g09eb5fc4d3 (webtiles) character file.

Game seed: 14761599047219888767

107 qw the Shooter (level 4, -1/26 HPs)
             Began as a Gargoyle Hexslinger on July 6, 2023.
             Slain by a gnoll
             ... wielding a +0 halberd
              (13 damage)
             ... on level 4 of the Dungeon.
             The game lasted 00:00:39 (2719 turns).

qw the Shooter (Gargoyle Hexslinger)                Turns: 2719, Time: 00:00:39

Health: -1/26      AC:  8    Str: 12    XL:     4   Next: 86%
Magic:  5/5        EV: 10    Int: 13    God:
Gold:   107        SH:  0    Dex: 14    Spells: 4/5 levels left

rFire   . . .        Y - +2 sling
rCold   . . .        (no shield)
rNeg    + + .        c - +0 ring mail
rPois   inf          (no helmet)
rElec   +            (no cloak)
rCorr   .            (no gloves)
SInv    .            (no boots)
Will    .....        (no amulet)
Stlth   +            e - ring of positive energy
HPRegen 0.24/turn    (no ring)
MPRegen 0.09/turn

%: no passive effects
@: no status effects
A: sickness immunity, AC +3, negative energy resistance 1, electricity
resistance, torment resistance 1, petrification resistance
a: no special abilities


You were on level 4 of the Dungeon.
You visited 1 branch of the dungeon, and saw 4 of its levels.

You collected 107 gold pieces.


Innate Abilities, Weirdness & Mutations

You are immune to sickness and miasma.
Your stone body is resilient. (AC +3)
You are immune to poison.
You resist negative energy. (rN+)
You are resistant to electric shocks. (rElec)
You are resistant to unholy torment.
You are immune to petrification.


   Skills:
 - Level 2.0 Fighting
 - Level 4.6 Ranged Weapons
 + Level 0.1 Armour
 - Level 1.5 Dodging
 - Level 1.0 Spellcasting
 - Level 2.6 Hexes


You had 4 spell levels left.
You knew the following spells:

 Your Spells              Type           Power      Damage    Failure   Level
a - Slow                  Hex            28%        N/A       22%         1

Your spell library contained the following spells:

 Spells                   Type           Power      Damage    Failure   Level
 Inner Flame              Hex/Fire       4%         N/A       73%         3
 Portal Projectile        Hex/Tloc       8%         N/A       73%         3
 Cause Fear               Hex            3%         N/A       91%         4

Inventory:

Hand Weapons
 Y - a +2 sling (weapon)
Armour
 c - a +0 ring mail (worn)
Jewellery
 e - a ring of positive energy (left hand)
Scrolls
 b - a scroll of identify
Potions
 a - a potion of might
 f - a potion of heal wounds

Dungeon Overview and Level Annotations

Branches:
Dungeon (4/15)
 Temple: D:4-7

Altars:


Message History

You kill the endoplasm!
You now have 107 gold pieces (gained 14).
Found a scroll of amnesia.
Enter note: A gnoll comes into view. It is wielding a +0 flail.
The gnoll shouts!
The gnoll moves out of view.
Enter note: A gnoll comes into view. It is wielding a +0 halberd.
Enter note: You shoot a sling bullet.
The sling bullet completely misses the gnoll.
The gnoll shouts!
You hear a shout!
A gnoll comes into view. It is wielding a +0 flail.
You shoot a sling bullet. The sling bullet hits the gnoll.
The gnoll is moderately wounded.
You shoot a sling bullet.
The sling bullet closely misses the gnoll.
The gnoll misses you.
You shoot a sling bullet.
The sling bullet closely misses the gnoll.
The gnoll misses you. The gnoll barely misses you.
The gnoll hits you but does no damage.
You shoot a sling bullet.
The sling bullet barely misses the gnoll.
The gnoll hits you with a +0 flail.
The gnoll hits you from afar with a +0 halberd!
You shoot a sling bullet.
The sling bullet closely misses the gnoll.
The gnoll barely misses you. x2
You shoot a sling bullet. The sling bullet hits the gnoll.
The gnoll is heavily wounded.
The gnoll barely misses you. x4
You shoot a sling bullet. The sling bullet hits the gnoll.
The gnoll is severely wounded.
The gnoll hits you with a +0 flail.
The gnoll hits you from afar with a +0 halberd!
Ouch! That really hurt!
You die...

##. ### ..... .....
.. #.#.# #.. #g#.#
#...##g#.#
#......g.###########
#......@...........#
#.##?..............#
#..................#
####...............#
#...............#
..................#
.###+##...#####...#
#...#####...#
#...........#


You could see 3 gnolls.

Vanquished Creatures
  Jessica (D:2)
  An iguana (D:3)
  3 adders
  A dart slug (D:1)
  A bat (D:1)
  3 endoplasms
  A goblin (D:3)
  2 hobgoblins
  4 jackals (D:2)
  2 quokkas (D:1)
  6 ball pythons
  2 kobolds (D:2)
  A rat (D:2)
28 creatures vanquished.

Notes
Turn   | Place    | Note
-------+----------+-------------------------------------------
     0 | D:1      | qw the Gargoyle Hexslinger began the quest for the Orb.
     0 | D:1      | Reached XP level 1. HP: 12/12 MP: 2/2
     0 | D:1      | 0 ||| qw: Version: 0.3-a-46-gb1f654a
     0 | D:1      | 0 ||| qw: Game counter: 1756
     0 | D:1      | 0 ||| qw: Melee chars always use a shield: true
     0 | D:1      | 0 ||| qw: God list: Okawaru
     0 | D:1      | 0 ||| qw: Allow faded altars: false
     0 | D:1      | 0 ||| qw: Do Orc after clearing Dungeon:15 true
     0 | D:1      | 0 ||| qw: Do second Lair branch before Depths: true
     0 | D:1      | 0 ||| qw: Lair rune preference: random
     0 | D:1      | 0 ||| qw: Goals: Normal
     0 | D:1      | 0 ||| PLANNING D:1-11
   108 | D:1      | You fall into a shaft and drop 1 floor!
   117 | D:2      | Noticed Jessica
   126 | D:2      | Killed Jessica
   127 | D:2      | Reached skill level 3 in Ranged Weapons
   127 | D:2      | Reached XP level 2. HP: 8/16 MP: 3/3
   127 | D:2      | Reached XP level 3. HP: 10/20 MP: 4/4
   540 | D:2      | 540 ||| UPGRADING to +1 robe.
   550 | D:2      | 550 ||| DROPPING +0 robe.
   551 | D:2      | 551 ||| UPGRADING to +0 leather armour.
   561 | D:2      | 561 ||| DROPPING +1 robe.
   562 | D:2      | 562 ||| READING scroll labelled VAJEHI ORPHYL.
   563 | D:2      | 563 ||| READING scroll labelled DUEWAC KEAROOSO.
   564 | D:2      | 564 ||| READING scroll labelled UKLISIU VYSI.
   565 | D:2      | 565 ||| READING scroll labelled FIATASTRO BUHIST.
   566 | D:2      | 566 ||| DROPPING scroll of poison.
  1330 | D:1      | 1330 ||| READING scroll labelled GEUCRA WEDOMI.
  1331 | D:1      | 1331 ||| READING 2 scrolls of identify.
  1331 | D:1      | 1331 ||| IDENTIFYING golden potion
  1332 | D:1      | 1332 ||| DROPPING potion of attraction.
  1425 | D:2      | Reached XP level 4. HP: 25/26 MP: 5/5
  1562 | D:2      | Reached skill level 4 in Ranged Weapons
  1796 | D:2      | 1796 ||| READING scroll labelled YKOEPS YCUBASO.
  2628 | D:3      | 2628 ||| UPGRADING to +0 ring mail.
  2638 | D:3      | 2638 ||| DROPPING +0 leather armour.
  2639 | D:3      | 2639 ||| UPGRADING to ring of positive energy.
  2640 | D:3      | 2640 ||| READING scroll labelled YLOKHE HEAME.
  2641 | D:3      | 2641 ||| READING 3 scrolls of identify.
  2641 | D:3      | 2641 ||| IDENTIFYING bubbling puce potion
  2642 | D:3      | 2642 ||| READING 2 scrolls of identify.
  2642 | D:3      | 2642 ||| IDENTIFYING glowing dark potion
  2719 | D:4      | Slain by a gnoll

Levels and vault maps discovered:
D:1:      wander_arrival_estate, layout_basic, serial_forest,
          infiniplex_forest_straight_4, infiniplex_forest_clump_tiny,
          infiniplex_forest_lined_room_2, infiniplex_forest_lined_4_way,
          infiniplex_forest_diagonal, infiniplex_forest_zigzag_1,
          infiniplex_forest_clump_long, infiniplex_forest_clump_C
D:2:      layout_loops_corners, uniq_jessica
D:3:      layout_basic, chequers_avenue
D:4:      minmay_evil_eye, layout_basic, nrook_mini_vaults, uniq_eustachio

Skill      XL: |  1  2  3  4 |
---------------+-------------+-----
Ranged Weapons | 3 4 |  4.6
Fighting       | 2 |  2.0
Armour         | |  0.1
Dodging        | |  1.5
Spellcasting   | |  1.0
Hexes          | |  2.6

Action                     |  1- 3 |  4- 6 || total
---------------------------+-------+-------++-------
   Fire: Sling             |    74 |    40 ||   114
    Use: Scroll            |     6 |     4 ||    10
 Armour: Robe              |    16 |       ||    16
         Leather armour    |     6 |     3 ||     9
         Ring mail         |       |     1 ||     1
  Dodge: Dodged            |    54 |    16 ||    70

Table legend:
 A = Non-vault XP
 B = Vault XP
 C = Vault XP percentage of total XP
 D = Non-vault monster count
 E = Vault monster count
 F = Vault count percentage of total count
                 A         B        C        D         E       F
            +---------+---------+-------+---------+---------+-------
      Total |     117 |      37 |  24.0 |      27 |       1 |   3.6
            +---------+---------+-------+---------+---------+-------
        D:1 |      13 |       0 |   0.0 |       6 |       0 |   0.0
        D:2 |      42 |      37 |  46.8 |      11 |       1 |   8.3
        D:3 |      60 |       0 |   0.0 |       9 |       0 |   0.0
        D:4 |       2 |       0 |   0.0 |       1 |       0 |   0.0
            +---------+---------+-------+---------+---------+-------
